 Dungeon Crawl Stone Soup version 0.14-a0-1844-g8283a67 (webtiles) character file.

914 Piginabag the Chiller (level 7, -2/43 HPs)
             Began as an Octopode Ice Elementalist on Jan 12, 2014.
             Was an Initiate of Sif Muna.
             Slain by a sky beast (6 damage)
             ... on Level 7 of the Dungeon.
             The game lasted 00:22:16 (7492 turns).

Piginabag the Chiller (Octopode Ice Elementalist)   Turns: 7492, Time: 00:22:17

HP  -2/43        AC  1     Str  8      XL: 7   Next: 84%
MP   3/18        EV 11     Int 19      God: Sif Muna [......]
Gold 139         SH 11     Dex 12      Spells:  3 memorised,  8 levels left

rFire  . . .     SeeInvis .     f - +3,+0 elf short sword (speed)
rCold  + . .     Clarity  .     h - +3 dwarf buckler
rNeg   . . .     Conserve .     (helmet restricted)
rPois  +         rCorr    .     (no amulet)
rElec  .         rRot     .     a - ring of protection from cold
SustAb . .       Spirit   .     n - ring of sustenance
rMut   .         Warding  .     w - ring of poison resistance
Saprov . . .     Stasis   .     (no ring)
                                (no ring)
                                (no ring)
                                (no ring)
                                (no ring)

@: very slightly contaminated, hasted, very quick, slightly resistant to hostile
enchantments, quite stealthy
A: almost no armour, amphibious, 8 rings, constrict 8, camouflage 1, slow
healing 1, gelatinous body 1
a: Renounce Religion


You were on level 7 of the Dungeon.
You worshipped Sif Muna.
Sif Muna was noncommittal.
You were very hungry.

You visited 1 branch of the dungeon, and saw 7 of its levels.

You collected 139 gold pieces.

Inventory:

Hand weapons
 d - a +0 blowgun
 f - a +3,+0 elven short sword of speed (weapon)
Missiles
 e - 11 poisoned needles
Armour
 h - a +3 dwarven buckler (worn)
Magical devices
 k - a wand of slowing (11)
Comestibles
 c - 3 bread rations
 o - a meat ration
 H - an apple
Scrolls
 g - a scroll of enchant weapon II
 i - a scroll of amnesia {unknown}
 l - 2 scrolls of random uselessness {unknown}
 m - 6 scrolls of remove curse
 p - 7 scrolls of fog {unknown}
 u - 2 scrolls of fear {unknown}
 v - 2 scrolls of enchant weapon I {unknown}
 y - a scroll of curse armour {unknown}
 C - 2 scrolls of teleportation
 J - a scroll of enchant armour {unknown}
Jewellery
 a - a ring of protection from cold (left tentacle)
 n - a ring of sustenance (right tentacle)
 t - an uncursed amulet of guardian spirit
 w - a ring of poison resistance (on tentacle)
 K - the cursed amulet of Ebiwycw {Spirit rF+ SInv}
   (You found it on level 6 of the Dungeon)

   [amulet of guardian spirit]

   It protects you from fire.
   It enhances your eyesight.
   It has a curse placed upon it.
Potions
 A - a potion of curing
 B - 2 potions of flight
 E - a potion of magic {unknown}
 G - a potion of brilliance {unknown}
 I - 2 potions of paralysis {unknown}
Books
 b - a book of Frost

   Spells                             Type                      Level
   *Freeze                            Ice                          1
   *Throw Frost                       Conjuration/Ice              2
   Ozocubu's Armour                   Charms/Ice                   3
   *Throw Icicle                      Conjuration/Ice              4
   Summon Ice Beast                   Ice/Summoning                4
   Condensation Shield                Ice                          4
 F - a book of Dreams

   Spells                             Type                      Level
   Ensorcelled Hibernation            Hexes/Ice                    2
   Flight                             Charms/Air                   3
   Phase Shift                        Translocation                5
   Shadow Creatures                   Summoning                    5
   Mass Confusion                     Hexes                        6
   Darkness                           Hexes                        7


   Skills:
 + Level 1.3 Fighting
 - Level 2.0 Dodging
 - Level 3.2 Stealth
 + Level 1.6 Shields
 - Level 0.2 Unarmed Combat
 + Level 4.8 Spellcasting
 + Level 3.3 Conjurations
 + Level 6.0 Ice Magic


You had 8 spell levels left.
You knew the following spells:

 Your Spells              Type           Power        Failure   Level  Hunger
a - Freeze                Ice            ####         1%          1    None
b - Throw Frost           Conj/Ice       ###...       3%          2    #......
c - Throw Icicle          Conj/Ice       ###.....     21%         4    ####...


Dungeon Overview and Level Annotations

Branches:
Dungeon (7/16)
 Temple: D:4-7

Altars:
Cheibriados
Sif Muna
Zin

Shops:
D:6 [

Annotations:
D:5 Eustachio


Innate Abilities, Weirdness & Mutations

You cannot wear most types of armour.
You are amphibious.
You can wear up to eight rings at the same time.
You can use your tentacles to constrict many enemies at once.
Your skin changes colour to match your surroundings (Stlth).
Your rubbery body absorbs attacks (AC +1).
You heal slowly when monsters are visible.


Message History

You are very lightly contaminated with residual magic.
You are covered in a thin layer of ice.
Something hits you. Something shocks you!
Casting: Throw Icicle
Confirm with . or Enter, or press ? or * to list all spells.
You can't see any susceptible monsters within range! (Use Z to cast anyway.)
Casting: Throw Icicle
Confirm with . or Enter, or press ? or * to list all spells.
Aiming: Throw Icicle
Press: ? - help, Shift-Dir - straight line Something hits you.
Something shocks you!
* * * LOW HITPOINT WARNING * * *
Drink which item? (? for menu, Esc to quit)
You feel better. Something hits you. Something shocks you!
* * * LOW HITPOINT WARNING * * *
Drink which item? (? for menu, Esc to quit)
You feel yourself speed up. Something hits you.
* * * LOW HITPOINT WARNING * * *
Something shocks you!
You die...

############
............#
#.....#####.#
#.....#...#.#
#.....#...+.###
#.............#
#......######.#
####......#≈≈≈≈#@#
..........'≈_>≈#.#
..#######.'≈.8≈#.#
..#.......#≈≈≈≈#.#
..#.......######.#
>.#..............#
#.#........#...###
'.#........#..{#
#.#........'...#


There were no monsters in sight!

Vanquished Creatures
  A black bear (D:6)
  An ogre (D:6)
  A giant frog (D:6)
  3 crimson imps
  A jelly (D:7)
  3 hounds (D:6)
  An orc priest (D:3)
  A water moccasin skeleton (D:6)
  2 worker ants
  Ijyb (D:3)
  5 adders
  3 giant mites
  3 worms
  5 orcs
  A ball python (D:1)
  10 bats
  4 giant cockroaches
  12 hobgoblins
  11 jackals
  18 kobolds
  4 quokkas
  4 giant geckos
  5 giant newts
  5 goblins
  A kobold skeleton (D:6)
  10 rats
116 creatures vanquished.

Notes
Turn   | Place    | Note
--------------------------------------------------------------
     0 | D:1      | Piginabag, the Octopode Ice Elementalist, began the quest for the Orb.
     0 | D:1      | Reached XP level 1. HP: 11/11 MP: 3/3
   367 | D:1      | Reached XP level 2. HP: 12/17 MP: 1/4
  1021 | D:1      | Learned a level 2 spell: Throw Frost
  1066 | D:1      | Reached XP level 3. HP: 21/21 MP: 2/6
  2088 | D:2      | Reached skill level 4 in Ice Magic
  2358 | D:2      | Reached XP level 4. HP: 21/27 MP: 0/8
  2536 | D:2      | Found a snail-covered altar of Cheibriados.
  2744 | D:3      | Learned a level 4 spell: Throw Icicle
  3385 | D:3      | Reached XP level 5. HP: 3/32 MP: 0/11
  3634 | D:3      | Found a glowing silver altar of Zin.
  3850 | D:3      | Noticed Ijyb
  3862 | D:3      | Killed Ijyb
  4528 | D:4      | Reached skill level 1 in Fighting
  5038 | D:4      | Reached skill level 1 in Shields
  5038 | D:4      | Reached XP level 6. HP: 21/38 MP: 7/13
  5407 | D:5      | Entered Level 5 of the Dungeon
  5964 | D:5      | Noticed Eustachio
  6255 | D:6      | Got a transparent steel amulet
  6260 | D:6      | Identified the cursed amulet of Ebiwycw {Spirit rF+ SInv} (You found it on level 6 of the Dungeon)
  6361 | D:6      | Reached skill level 5 in Ice Magic
  6373 | D:6      | Found Pnuri's Antique Armour Shop.
  6379 | D:6      | Reached XP level 7. HP: 30/43 MP: 9/17
  7306 | D:7      | Reached skill level 6 in Ice Magic
  7379 | D:7      | Found a deep blue altar of Sif Muna.
  7418 | D:7      | Gained mutation: Your magical capacity is low (-10% MP). [potion of mutation]
  7418 | D:7      | Lost mutation: Your magical capacity is low (-10% MP). [potion of mutation]
  7418 | D:7      | Gained mutation: You heal slowly when monsters are visible. [potion of mutation]
  7425 | D:7      | Became a worshipper of Sif Muna the Loreminder
  7492 | D:7      | Slain by a sky beast

Action                   |  1- 3 |  4- 6 |  7- 9 || total
-------------------------+-------+-------+-------++-------
Melee: Unarmed           |    55 |       |       ||    55
       Short sword       |     4 |   112 |    12 ||   128
 Fire: Blowgun           |       |     6 |       ||     6
Throw: Javelin           |       |       |    10 ||    10
 Cast: Freeze            |    21 |    20 |     4 ||    45
       Throw Frost       |    11 |    68 |    30 ||   109
       Throw Icicle      |       |       |     4 ||     4
  Use: Scroll            |     8 |     3 |       ||    11
       Potion            |     3 |     1 |     7 ||    11
 Stab: Sleeping          |     5 |     9 |       ||    14
